Map: White Rabbit LE

Players

Zindex

  • Race: Protoss Protoss
  • League: Diamond
  • Spawn Location: 7:00

HoldTheDoor - Winner!

  • Race: Protoss Protoss
  • League: Diamond
  • Spawn Location: 1:00

VOD

Have the link to the VOD?

Description

Time

  • Played on: May 25, 2026, 12:48 p.m.
  • Length: 5:42
Show
View Real Time Build Order
Export as new Build Order

Zindex Protoss 

Build Orders: 1 Gate Expand 

Get SALT Encoding   

  12  0:00  Probe  
  13  0:12  Probe  
  14  0:21  Pylon  
  14  0:24  Probe  
  15  0:35  Probe  
  15  0:39  Gateway  
  16  0:43  Probe  
  16  0:49  Assimilator  
  17  0:53  Probe  
  18  1:05  Probe  
  19  1:17  Probe  
  20  1:27  Cybernetics Core  
  20  1:29  Probe  
  21  1:44  Nexus  
  21  1:49  Pylon  
  21  1:55  Assimilator  
  21  1:56  Adept  
  21  1:57  Warp Gate  
  23  2:24  Probe  
  23  2:26  Adept  
  26  2:38  Probe  
  27  2:45  Robotics Facility  
  27  2:50  Probe  
  28  2:57  Gateway  
  28  3:00  Probe  
  28  3:02  Probe  
  28  3:03  Shield Battery  
  28  3:05  Sentry  
  30  3:12  Probe  
  33  3:14  Probe  
  34  3:24  Probe  
  34  3:26  Probe  
  36  3:36  Probe  
  36  3:38  Probe  
  36  3:41  Observer  
  35  3:49  Probe  
  35  3:51  Stalker  
  35  3:53  Stalker  
  35  3:54  Immortal, Probe  
  41  4:01  Phoenix, Probe  
  46  4:12  Twilight Council  
  46  4:17  Pylon  
  46  4:19  Shield Battery  
  46  4:21  Assimilator  
  46  4:23  Pylon  
  46  4:35  Probe x2  
  46  4:37  Stalker x2  
  48  5:12  Stalker x2  
  51  5:19  Pylon  
  51  5:20  Pylon  
Show
View Real Time Build Order
Export as new Build Order

HoldTheDoor Protoss - Winner!

Build Orders:  

Get SALT Encoding   

  12  0:00  Probe  
  13  0:12  Probe  
  14  0:17  Pylon  
  14  0:24  Probe  
  15  0:32  Probe  
  15  0:38  Gateway  
  15  0:40  Probe  
  17  0:50  Probe  
  17  0:55  Assimilator  
  18  1:03  Assimilator, Probe  
  19  1:11  Gateway  
  19  1:18  Probe  
  20  1:26  Cybernetics Core  
  20  1:38  Probe  
  21  1:50  Pylon  
  21  1:51  Probe  
  21  1:52  Warp Gate  
  22  2:03  Probe  
  22  2:05  Stalker x2  
  27  2:13  Pylon  
  27  2:18  Probe  
  28  2:34  Robotics Facility  
  28  2:36  Pylon  
  28  2:38  Sentry  
  30  2:47  Shield Battery  
  30  2:57  Gateway  
  30  3:02  Gateway  
  30  3:04  Stalker  
  32  3:13  Probe  
  32  3:14  Warp Prism  
  35  3:42  Probe  
  36  3:52  Stalker  
  38  3:55  Pylon  
  38  4:00  Pylon  
  38  4:03  Pylon  
  38  4:15  Stalker x2  
  42  4:18  Sentry x2  
  46  4:29  Pylon  
  44  4:47  Stalker x3  
  50  4:59  Stalker  
  44  5:16  Stalker x3  
  44  5:28  Stalker  
Tags
 
Matchup
PvP
Replay Pack
SC2Mai2026
Spawn Locations
Cross Positions
Add a new tag
Caveats
  • Supply blocks, unpowered buildings, or Contaminate may cause inaccurate times.
  • Supply counts are checked every 10 seconds.